 Dungeon Sprint DCSS version 0.26-a0-1177-g1209ec82b9 (webtiles) character file.

Game seed: 10308180068252750631

112 sahdkjhfkaj the Conjurer (level 4, -6/24 HPs)
             Began as a Tengu Air Elementalist on Dec 25, 2020.
             Was an Initiate of Vehumet.
             Mangled by an ogre
             ... wielding a +0 giant club
              (30 damage)
             ... in the Dungeon (Sprint IX: "|||||||||||||||||||||||||||||").
             The game lasted 00:01:39 (720 turns).

sahdkjhfkaj the Conjurer (Tengu Air Elementalist)    Turns: 720, Time: 00:01:43

Health: -6/24      AC:  6    Str:  9    XL:     4   Next: 93%
Magic:  4/12       EV: 12    Int: 16    God:    Vehumet [......]
Gold:   0          SH:  0    Dex: 14    Spells: 5/13 levels left

rFire    . . .     SeeInvis .   k - +2 scimitar (holy)
rCold    . . .     Faith    .   (no shield)
rNeg     . . .     Spirit   .   a - +0 robe
rPois    .         Reflect  .   (helmet restricted)
rElec    .         Harm     .   (no cloak)
rCorr    .         Rampage  .   (no gloves)
Will     .....     NoTele   +   (boots unavailable)
Stlth    ++........             (no amulet)
HPRegen  0.08/turn              l - +2 ring of protection
MPRegen  0.13/turn              m - +2 ring of protection

@: no status effects
A: beak, talons 3
a: Renounce Religion


You were in the Dungeon.
You worshipped Vehumet.
Vehumet was noncommittal.
You visited 1 branch

Inventory:

Hand Weapons
 k - a +2 scimitar of holy wrath (weapon)
Armour
 a - a +0 robe (worn)
Jewellery
 l - a +2 ring of protection (left hand)
 m - a +2 ring of protection (right hand)
Wands
 j - a wand of iceblast (10)
Scrolls
 g - 3 scrolls of remove curse
 h - 2 scrolls of blinking
 i - 2 scrolls of amnesia
Potions
 b - a potion of invisibility
 c - 5 potions of curing
 d - 3 potions of heal wounds
 e - a potion of haste
 f - 4 potions of magic


   Skills:
 - Level 2.1 Dodging
 - Level 2.0 Stealth
 + Level 5.0 Spellcasting
 + Level 7.7 Conjurations
 + Level 7.7 Air Magic


You had 5 spell levels left.
You knew the following spells:

 Your Spells              Type           Power        Failure   Level
a - Shock                 Conj/Air       100%         1%          1
x - Airstrike             Air            14%          6%          4
A - Static Discharge      Conj/Air       28%          1%          3

Your spell library contained the following spells:

 Spells                   Type           Power        Failure   Level
 Swiftness                Air            28%          1%          2
 Lightning Bolt           Conj/Air       14%          17%         5


Dungeon Overview and Level Annotations

Branches:
Dungeon (1/1)

Altars:
Cheibriados
Dithmenos
Elyvilon
Fedhas
Gozag
Hepliaklqana
Kikubaaqudgha
Makhleb
Nemelex Xobeh
Okawaru
Qazlal
Ru
Sif Muna
Trog
Uskayaw
Vehumet
Wu Jian
Xom
Yredelemnul
Zin
The Shining One
Beogh
Jiyva
Lugonu


Innate Abilities, Weirdness & Mutations

You have a beak for a mouth.
You have claws for feet.


Message History

Casting: Airstrike (extremely dangerous; 6% risk of failure)
Confirm with . or Enter, or press ? or * to list all spells.
The spell is extremely dangerous to cast (6% risk of failure)!
Continue anyway?
Aiming: Airstrike (extremely dangerous; 6% risk of failure)
Press: ? - help, Dir - move target, f - ogre
Aim: an ogre, wielding a +0 giant club The air twists around and strikes the ogre!
The ogre is moderately wounded.
The ogre barely misses you.
Casting: Airstrike (extremely dangerous; 6% risk of failure)
Confirm with . or Enter, or press ? or * to list all spells.
The spell is extremely dangerous to cast (6% risk of failure)!
Continue anyway?
Aiming: Airstrike (extremely dangerous; 6% risk of failure)
Press: ? - help, Dir - move target, f/p - ogre
Aim: an ogre, wielding a +0 giant club (moderately wounded)
The air twists around and strikes the ogre!
The ogre is severely wounded.
The ogre hits you with a +0 giant club!!
Ouch! That really hurt!
You die...

▓_▓
▓_▓
▓_▓
▓_▓
▓_▓
▓_▓
▓_▓
▓_▓
▓@▓
▓O▓
▓_▓
▓_▓
▓_▓
▓S▓
▓_▓
▓'▓
▓.▓


You could see an ogre and an adder.

Vanquished Creatures
  A scorpion (D)
  2 iguanas (D)
  A dart slug (D)
  A bat (D)
  A bat zombie (D)
  A goblin (D)
  A frilled lizard (D)
  2 kobolds (D)
10 creatures vanquished.

Notes
Turn   | Place    | Note
-------+----------+-------------------------------------------
     0 | D        | sahdkjhfkaj the Tengu Air Elementalist began the quest for
                  | the Orb.
     0 | D        | Reached XP level 1. HP: 10/10 MP: 4/4
    11 | D        | Reached XP level 2. HP: 9/15 MP: 0/6
   129 | D        | Noticed a scorpion
   140 | D        | Reached skill level 5 in Conjurations
   140 | D        | Reached skill level 5 in Air Magic
   140 | D        | Reached XP level 3. HP: 5/19 MP: 6/8
   393 | D        | Learned a level 3 spell: Static Discharge
   403 | D        | Reached XP level 4. HP: 13/24 MP: 1/11
   537 | D        | Learned a level 4 spell: Airstrike
   546 | D        | Reached skill level 5 in Spellcasting
   643 | D        | Found a roughly hewn altar of Beogh.
   643 | D        | Found a snail-covered altar of Cheibriados.
   643 | D        | Found a shadowy altar of Dithmenos.
   643 | D        | Found a white marble altar of Elyvilon.
   643 | D        | Found a blossoming altar of Fedhas.
   643 | D        | Found an opulent altar of Gozag.
   644 | D        | Found a hazy altar of Hepliaklqana.
   645 | D        | Found a viscous altar of Jiyva.
   646 | D        | Found an ancient bone altar of Kikubaaqudgha.
   647 | D        | Found a corrupted altar of Lugonu.
   648 | D        | Found a burning altar of Makhleb.
   649 | D        | Found a sparkling altar of Nemelex Xobeh.
   650 | D        | Found an iron altar of Okawaru.
   651 | D        | Found a stormy altar of Qazlal.
   652 | D        | Found a sacrificial altar of Ru.
   653 | D        | Found a shimmering blue altar of Sif Muna.
   654 | D        | Found a bloodstained altar of Trog.
   655 | D        | Found a hide-covered altar of Uskayaw.
   656 | D        | Found a radiant altar of Vehumet.
   657 | D        | Found an ornate altar of the Wu Jian Council.
   658 | D        | Found a shimmering altar of Xom.
   659 | D        | Found a basalt altar of Yredelemnul.
   660 | D        | Found a glowing silver altar of Zin.
   661 | D        | Found a glowing golden altar of the Shining One.
   676 | D        | Became a worshipper of Vehumet
   702 | D        | Noticed an ogre
   702 | D        | Noticed a bullfrog
   720 | D        | Mangled by an ogre

Illustrated notes

Levels and vault maps discovered:
D:        linesprint [early_d, line_temple, items_1, d_10, items_2, lair_1,
          lair_end, items_3, orc_1, orc_end, items_4, d_15, swamp_1, shoals_1,
          snake_1, spider_1, d_20, vaults_1, items_5, swamp_end, shoals_end,
          snake_end, spider_end, vaults_end, d_27, items_6, zot_1, zot_end,
          crypt_end, forest_end, elf_end, slime_end, tomb_end, abyss_end,
          pan_hell_end]

Skill      XL: |  1  2  3  4 |
---------------+-------------+-----
Conjurations   | 4 5 6 7 |  7.7
Spellcasting   | 3 4 5 |  5.0
Air Magic      | 5 6 7 |  7.7
Dodging        | |  2.1
Stealth        | |  2.0

Action                   |  1- 3 |  4- 6 || total
-------------------------+-------+-------++-------
Melee: Unarmed           |    10 |       ||    10
       Kick              |     2 |       ||     2
       Peck              |     1 |       ||     1
 Cast: Shock             |     5 |     4 ||     9
       Static Discharge  |     2 |       ||     2
       Airstrike         |       |     4 ||     4
  Use: Potion            |     1 |       ||     1
Armor: Robe              |     1 |       ||     1
Dodge: Dodged            |     7 |     1 ||     8

Table legend: (Time is in decaauts)
 A = Elapsed time spent in this place.
 B = Non-inter-level travel time spent in this place.
 C = Inter-level travel time spent in this place.
 D = Time resting spent in this place.
 E = Time spent auto-exploring this place.
 F = Levels seen in this place.
 G = Mean time per level.
                   A        B        C        D        E       F      G
               +--------+--------+--------+--------+--------+-----+--------+
         Total |    723 |    723 |      0 |    486 |    121 |   1 |  723.0 |
       Dungeon |    723 |    723 |      0 |    486 |    121 |   1 |  723.0 |
               +--------+--------+--------+--------+--------+-----+--------+

Top non-repeatable levels by time:
       D: 723 daAuts
